[Event "SVK ECo-C Extraliga 2021-22"]
[Site "Slovakia"]
[Date "2022.06.11"]
[Round "10.6"]
[White "Smolen, Jan"]
[Black "Straka, Jozef"]
[Result "1-0"]
[ECO "A00"]
[WhiteElo "2410"]
[BlackElo "2319"]
[Annotator "TA"]
[PlyCount "165"]
[EventDate "2021.10.21"]
[EventType "team-tourn"]
[EventCountry "SVK"]
[SourceTitle "playchess.com"]
[Source "ChessBase"]
[SourceQuality "1"]
[TimeControl "40/5400+30:1800+30"]

1. a3 d5 2. b4 a5 3. b5 {[%emt 0:00:20] [#]} c5 $146 ({Predecessor:} 3... Nd7 4. e3 c5 5. bxc6 bxc6 6. c4 Rb8 7. d4 Ba6 8. Bd2 e6 9. Nf3 Be7 {½-½ (19) Cirulis,I (1907)-Roberts,N (1800) FICGS email 2016}) 4. Nf3 Nf6 5. g3 Nbd7 6. Bb2 {[%emt 0:00:08] Prevents e5. A00: Irregular Openings.} Qc7 7. Bg2 e5 8. O-O {[%emt 0:00:03] The position is equal.} Bd6 9. d3 Nb6 10. Nbd2 c4 11. dxc4 dxc4 12. Ng5 Bf5 (12... c3 13. Bxc3 $1 (13. Nde4 $2 Nxe4 14. Nxe4 cxb2 $19) 13... O-O 14. Bb2 $11) 13. Nde4 Be7 14. Nxf6+ gxf6 15. Ne4 Na4 {[%emt 0:01:04] [#]} 16. Nc3 $1 Nxb2 (16... Nxc3 17. Bxc3) 17. Qc1 Be6 18. Qxb2 O-O-O 19. b6 Qc5 20. Na4 c3 $1 21. Nxc3 (21. Nxc5 $2 {perishes.} cxb2 22. Nxb7 (22. Bxb7+ $2 Kb8 $19) 22... bxa1=R $19) (21. Bxb7+ $2 Kb8 22. Qc1 (22. Nxc5 $2 cxb2 23. Nxe6 bxa1=Q $19) 22... Qc4 $19) 21... Kb8 $1 22. e4 Rd2 23. Nd5 Bxd5 24. exd5 Rxc2 25. Qb3 {[%emt 0:00:18][%cal Od5d6] aiming for d6!} f5 (25... Qc3 $11 26. Qa4 Rxf2) 26. d6 $1 $16 Bxd6 27. Qxf7 e4 28. Rad1 Rf8 $2 ({Better is} 28... Rd8 $14) 29. Qe6 $2 (29. Qd7 $1 $18 Be7 30. Rd5 Qxa3 31. Rxf5) 29... Rd8 $14 30. Rd5 Qxb6 31. Qxf5 Rf8 32. Rb5 Rxf5 33. Rxb6 Bc5 $1 {[%emt 0:00:44] [#]} 34. Rxb7+ $1 Kc8 $1 35. Bxe4 Rfxf2 36. Rxf2 Rxf2 {[%emt 0:00:02][%mdl 4096] Endgame KRB-KRB} 37. Rb5 Be3 38. Kh1 h6 39. Rxa5 Kc7 40. Ra6 Ra2 41. a4 Bb6 42. Ra8 Kd6 43. Rc8 Ke5 44. Rc4 Bd4 45. Bc6 Rb2 46. a5 Rb1+ 47. Kg2 Rb2+ 48. Kh3 Bg1 {[%emt 0:00:07] [#]} 49. Bg2 $1 {[%emt 0:00:00] Hoping for Rh4.} Ra2 50. Rh4 Kf6 $2 (50... Bc5 $16 {was worth a try.} 51. Rh5+ (51. Rxh6 Rxa5 52. Rh5+ Ke6 $16) 51... Kd4 52. Rxh6 Rxa5) 51. Rxh6+ $18 Kg5 52. Ra6 Kh5 53. Ra8 Kg5 54. a6 Kh5 (54... Kf6 $142 55. g4 Bc5) 55. Rh8+ (55. Rg8 $142 {Threatens to win with g4+.} Kh6 56. Be4 Rxh2+ 57. Kg4) 55... Kg5 {[%emt 0:00:18] [#]} 56. Rg8+ $1 Kh6 $2 (56... Kf6 57. Rf8+ Kg5) 57. Bb7 (57. Be4 $142 {g4 is the strong threat.} Rxh2+ 58. Kg4) 57... Rxh2+ 58. Kg4 Ra2 59. Rf8 {[%emt 0:00:30] Black must now prevent Rf6+.} Ra3 60. Rf6+ Kg7 61. Rf3 Ra5 62. Kh4 Ra4+ $2 (62... Bd4 63. Rd3 Bf2) 63. g4 {[%emt 0:01:43] And now Kh5 would win.} Ra5 (63... Kg6 $142 64. Kg3 Ba7) 64. Rf5 Ra3 65. Rg5+ $2 (65. g5 $18 {Strongly threatening Kg4.} Bh2 66. Bc8) 65... Kh6 $2 (65... Kf6 $11 {and Black stays safe.} 66. Rf5+ Kg6) 66. Rh5+ Kg7 $2 (66... Kg6 67. Rg5+ Kf6 68. Rf5+ Kg6) 67. Re5 {[%emt 0:02:19] White is clearly winning.} Kh6 68. Re6+ Kg7 69. Be4 Be3 70. g5 Ra5 71. g6 Ra4 72. Kg4 Bd4 73. Kf4 Ra5 74. Bd3 Bf6 75. Rc6 Ra4+ 76. Kf5 Ra5+ 77. Ke6 Bd4 78. Rc7+ Kf8 79. Rd7 Be3 80. g7+ Kg8 81. Bc4 {[%emt 0:00:29] Intending Kf6+ and mate.} Kh7 82. Kd6 Bf4+ 83. Kc6 {[%emt 0:00:14] Weighted Error Value: White=0.30/Black=0.21 (precise)} 1-0

[Event "SVK ECo-C Extraliga 2021-22"]
[Site "Slovakia"]
[Date "2022.06.11"]
[Round "10.6"]
[White "Nguyen, Piotr"]
[Black "Varga, Zoltan"]
[Result "*"]
[ECO "A03"]
[WhiteElo "2407"]
[BlackElo "2390"]
[Annotator "TA"]
[PlyCount "36"]
[EventDate "2021.10.21"]
[EventType "team-tourn"]
[EventCountry "SVK"]
[SourceTitle "playchess.com"]
[Source "ChessBase"]
[SourceQuality "1"]
[TimeControl "40/5400+30:1800+30"]

1. f4 {[%emt 0:00:03] ChessBase II} d5 2. Nf3 g6 3. g3 Nh6 4. d3 c5 5. Bg2 Bg7 6. O-O {[%emt 0:09:47] A03: Bird's Opening with 1...d5.} d4 7. e4 dxe3 8. Na3 {[%emt 0:00:12] The position is equal.} Nc6 9. Nc4 Nf5 10. c3 O-O 11. g4 Nd6 {[%emt 0:10:40][%cal Bf5d6,Bd6e8,Be8c7][%mdl 32] aiming for ...Nxc4.} 12. Nce5 {[%emt 0:00:38] [#]} (12. Nxe3 $11 {feels stronger.} Bd7 13. Nd2) 12... Nxe5 $146 (12... Na5 $5 13. b4 (13. Bxe3 f6 $11) 13... cxb4 14. cxb4 Nc6 15. Bxe3 Nxb4 $17) ({Predecessor:} 12... Na5 13. Bxe3 f6 14. b4 fxe5 15. fxe5 cxb4 16. cxb4 Nc6 17. exd6 Qxd6 18. Bc5 Qd5 {0-1 (38) Kuckelkorn,J-Negele,M GER corr 1993 Corr Nr. 1 [ChessBase II]}) 13. fxe5 Ne8 14. h3 Nc7 15. Bxe3 b6 16. Qe2 Bb7 17. Rad1 Qe8 18. a3 Rd8 {[%emt 0:01:12] An even fight not without its subleties.  Weighted Error Value: White=0.06 (flawless) /Black=0.05 (flawless)} *

[Event "SVK ECo-C Extraliga 2021-22"]
[Site "Slovakia"]
[Date "2022.06.11"]
[Round "10.6"]
[White "Halak, Miklos"]
[Black "Zpevak, Pavel"]
[Result "1/2-1/2"]
[ECO "B40"]
[WhiteElo "2251"]
[BlackElo "2373"]
[Annotator "TA"]
[PlyCount "29"]
[EventDate "2021.10.21"]
[EventType "team-tourn"]
[EventCountry "SVK"]
[SourceTitle "playchess.com"]
[Source "ChessBase"]
[SourceQuality "1"]
[TimeControl "40/5400+30:1800+30"]

1. e4 c5 2. Nf3 e6 3. c3 Nf6 4. e5 Nd5 5. d4 cxd4 6. cxd4 d6 7. Nc3 Nxc3 8. bxc3 Qc7 9. Bd2 Nd7 {[%emt 0:00:29] [#]} {Predecessor:} 10. exd6 $146 {B22: Sicilian: 2 c3.} Bxd6 11. Bd3 b6 12. Ng5 Bb7 13. Ne4 Bf4 14. Bxf4 Qxf4 15. Qd2 {½-½ (15) Nakamura,H (2736)-Artemiev,V (2716) Chess.com INT 2020} 1/2-1/2

[Event "SVK ECo-C Extraliga 2021-22"]
[Site "Slovakia"]
[Date "2022.06.11"]
[Round "10.7"]
[White "Czebe, Attila"]
[Black "Jacko, Vladimir"]
[Result "1/2-1/2"]
[ECO "B43"]
[WhiteElo "2366"]
[BlackElo "2389"]
[Annotator "TA"]
[PlyCount "15"]
[EventDate "2021.10.21"]
[EventType "team-tourn"]
[EventCountry "SVK"]
[SourceTitle "playchess.com"]
[Source "ChessBase"]
[SourceQuality "1"]
[TimeControl "40/5400+30:1800+30"]

1. e4 c5 2. Nc3 e6 3. Nge2 a6 4. d4 cxd4 5. Nxd4 Qc7 6. Qd3 {[%emt 0:05:15] B43: Sicilian: Kan Variation: 5 Nc3.} Nf6 7. Qg3 Qxg3 {[%emt 0:02:56] [#]} 8. Nb1 $146 {[%mdl 40960] Weighted Error Value: White=0.08 (flawless) /Black=0.08 (flawless) . An unexpected result.} ({But not} 8. fxg3 Bb4 $11) (8. hxg3 $14 Bb4 9. e5) ({Predecessor:} 8. hxg3 d6 9. f3 Nc6 10. Nxc6 bxc6 11. g4 d5 12. g5 Nd7 13. Bd2 Bb4 14. O-O-O {0-1 (58) Hammer,J (2628)-Neiksans,A (2627) Chess.com INT 2017}) 1/2-1/2

[Event "SVK ECo-C Extraliga 2021-22"]
[Site "Slovakia"]
[Date "2022.06.11"]
[Round "10.7"]
[White "Kopera, Michal"]
[Black "Borosova, Zuzana"]
[Result "1/2-1/2"]
[ECO "C55"]
[WhiteElo "2135"]
[BlackElo "2259"]
[Annotator "TA"]
[PlyCount "122"]
[EventDate "2021.10.21"]
[EventType "team-tourn"]
[EventCountry "SVK"]
[SourceTitle "playchess.com"]
[Source "ChessBase"]
[SourceQuality "1"]
[TimeControl "40/5400+30:1800+30"]

1. e4 e5 2. Nf3 Nc6 3. Bc4 Nf6 4. d3 Be7 5. O-O O-O 6. Nc3 d6 7. h3 Na5 8. Re1 {[%emt 0:02:10] C55: Two Knights: 4 d3, 4 d4 exd4 5 e5 and Max Lange Attack.} h6 {[%emt 0:12:12] [#]} 9. Qe2 $146 ({Predecessor:} 9. Bb3 Nxb3 10. axb3 c5 11. Ne2 Be6 12. c4 Nh7 13. Ng3 Ng5 14. Nh2 Qd7 15. Ng4 {½-½ (15) Medina Diaz,R (2317)-Hernandez Jimenez,A (2169) Mexico City 2021}) 9... Nxc4 10. dxc4 c6 11. c5 Nd7 12. cxd6 Bxd6 13. Be3 Qf6 14. Rad1 Bc7 15. Rd2 Re8 16. Red1 Nf8 17. Ne1 Ng6 18. Qf3 Qxf3 (18... Nf4 {looks sharper.} 19. a4 Be6 20. Qg3 Bc4) 19. Nxf3 b6 20. Ne2 Be6 21. Nc1 Rad8 22. Rxd8 Rxd8 23. Rxd8+ Bxd8 24. Nd3 f6 25. Nd2 Kf7 ({Don't do} 25... Bxa2 26. b3 $16 (26. Nb4 Be6 $16)) 26. Nb4 Ne7 27. c4 Ke8 28. b3 Kd7 29. Nd3 Bc7 30. f3 g5 31. h4 Ng6 32. hxg5 fxg5 33. g4 Nf4 34. Nxf4 gxf4 $11 {[%emt 0:00:14][%mdl 4096] Endgame KBB-KBN} 35. Bf2 Bd6 36. Kf1 Be7 37. Ke2 Bf7 38. Nb1 h5 39. gxh5 Bxh5 40. Be1 Bc5 41. Bc3 Ke6 42. Nd2 a5 43. Nb1 {[%emt 0:00:00] The position is equal.} Kd6 44. Be1 Bd4 45. Na3 Be8 46. Nc2 Bb2 47. Kd3 Bf7 48. a4 Bh5 49. Ke2 Be8 50. Kd3 Bd7 51. Ke2 Be6 52. Kd3 Bf7 53. Ke2 Bh5 54. Bd2 Kc5 55. Ne1 {[%emt 0:00:27] [#] Strongly threatening Nd3+.} Bd4 56. Nd3+ Kd6 57. Be1 Bf7 58. Kd1 Bh5 59. Ke2 Bf7 60. Kd1 Bh5 61. Ke2 Bf7 {[%emt 0:00:15] Weighted Error Value: White=0.05 (flawless) /Black=0.06 (flawless)} 1/2-1/2